 Dungeon Crawl Stone Soup version 0.30-a0-972-gf3ab3527aa (webtiles) character file.

Game seed: 9336362918885278413

125 NinjaNoafa the Changer (level 5, -5/33 HPs)
             Began as an Octopode Transmuter on Mar 31, 2023.
             Slain by a gnoll
             ... wielding a +0 flail
              (13 damage)
             ... on level 4 of the Dungeon.
             The game lasted 00:05:02 (2273 turns).

NinjaNoafa the Changer (Octopode Transmuter)        Turns: 2273, Time: 00:05:02

Health: -5/33      AC:  1    Str: 10    XL:     5   Next: 9%
Magic:  6/8        EV: 13    Int: 17    God:
Gold:   262        SH:  0    Dex: 12    Spells: 5/8 levels left

rFire   . . .      SeeInvis .      - Unarmed
rCold   . . .      Faith    .    (no shield)
rNeg    . . .      Spirit   .    (helmet currently unavailable)
rPois   .          Reflect  .    c - amulet of regeneration
rElec   .          Rampage  .    (no ring)
rCorr   .                        (no ring)
Will    .....                    (no ring)
Stlth   ++                       (no ring)
HPRegen 1.05/turn                (no ring)
MPRegen 0.11/turn                (no ring)
                                 (no ring)
                                 (no ring)

@: appendages, wereblooded
A: tentacle spike 3, almost no armour, amphibious, 8 rings, camouflage 1,
gelatinous body 1, (nimble swimmer 1), tentacles
a: End Transformation


You were on level 4 of the Dungeon.
One of your tentacles had grown a beastly spike.
You visited 1 branch of the dungeon, and saw 5 of its levels.

You collected 262 gold pieces.

Inventory:

Missiles
 f - 2 poisoned darts
 r - 6 boomerangs
Jewellery
 c - an amulet of regeneration (around mantle)
Scrolls
 b - a scroll of teleportation {unknown}
 e - 2 scrolls of identify {unknown}
 h - 2 scrolls of poison {unknown}
 l - a scroll of fog {unknown}
 o - a scroll of magic mapping {unknown}
 q - a scroll of enchant armour {unknown}
Potions
 a - 2 potions of lignification
 d - 2 potions of curing {unknown}
 g - a potion of mutation {unknown}
 i - 2 potions of haste {unknown}
 j - a potion of might {unknown}
 k - a potion of brilliance {unknown}
 m - 3 potions of invisibility {unknown}
 n - a potion of resistance {unknown}
 p - a potion of attraction {unknown}


   Skills:
 + Level 1.0 Fighting
 + Level 2.0 Dodging
 + Level 0.3 Stealth
 + Level 3.0 Unarmed Combat
 - Level 2.0 Spellcasting
 - Level 5.0 Transmutations
 + Level 0.2 Poison Magic


You had 5 spell levels left.
You knew the following spells:

 Your Spells              Type           Power      Damage    Failure   Level
a - Beastly Appendage     Tmut           36%        N/A       2%          1
b - Wereblood             Tmut           18%        N/A       3%          2

Your spell library contained the following spells:

 Spells                   Type           Power      Damage    Failure   Level
 Passwall                 Tmut/Erth      8%         N/A       11%         2
 Sandblast                Erth           2%         2d4       19%         1
 Spider Form              Tmut/Pois      10%        N/A       21%         3
 Stone Arrow              Conj/Erth      2%         3d7       50%         3
 Ice Form                 Ice/Tmut       10%        N/A       56%         4


Dungeon Overview and Level Annotations

Branches:
Dungeon (5/15)
 Temple: D:4-7

Altars:

Shops:
D:2 [

Annotations:
D:5 2 runed translucent doors


Innate Abilities, Weirdness & Mutations

One of your tentacles has grown a beastly spike.
You cannot wear most types of armour.
You are amphibious.
You can wear up to eight rings at the same time.
Your skin changes colour to match your surroundings (Stealth+).
Your rubbery body absorbs attacks. (AC +1, EV +1)
((You are camouflaged when in or above water. (Stealth+)))
You have tentacles for arms and can constrict up to eight enemies at once.


Message History

You are frozen.
You tentacle-slap the endoplasm.
You kill the endoplasm!
A gnoll comes into view. It is wielding a +0 spear.
You hear the hiss of an avalanche of sand very nearby. 2 gnolls come into view.
Casting: Wereblood (safe; 3% risk of failure)
Confirm with . or Enter, or press ? or * to list all spells.
Your blood is infused with primal strength.
The gnoll shouts! x2
Casting: Wereblood (safe; 3% risk of failure)
Confirm with . or Enter, or press ? or * to list all spells.
One of your tentacles grows a vicious spike.
The gnoll shouts!
You hear a shout!
A gnoll comes into view. It is wielding a +2 heavy spear.
You tentacle-slap the gnoll. Your grab misses the gnoll.
Your tentacle spike misses the gnoll.
The gnoll is lightly wounded.
The gnoll closely misses you.
The gnoll hits you from afar with a +0 spear.
You closely miss the gnoll. Your grab misses the gnoll.
The gnoll is lightly wounded.
The gnoll misses you.
The gnoll hits you from afar with a +0 spear.
You tentacle-slap the gnoll. Your grab misses the gnoll.
Your squeeze misses the gnoll.
The gnoll is lightly wounded.
The gnoll hits you from afar with a +0 spear!
You barely miss the gnoll. You grab the gnoll.
You pierce the gnoll, but do no damage.
You constrict the gnoll, but do no damage.
The gnoll barely misses you. x2
The gnoll hits you from afar with a +0 spear!
* * * LOW HITPOINT WARNING * * *
The gnoll closely misses you.
You release your grip on the gnoll.
The gnoll attacks as you move away! The gnoll hits you with a +0 flail!
* * * LOW HITPOINT WARNING * * *
The gnoll attacks as you move away! The gnoll hits you with a +0 flail!
You die...

.## #..#
##...####
##g.......
#..# ##g##
##g.# .##
##.g## ..
#..@## #
##...## ##
##...##
... ##.
###..##
#..##..
##..##
#.....
##..##
#....
##..##
#....
##..##
##...
##..##
#...


You could see 4 gnolls.

Vanquished Creatures
  An orc priest (D:3)
  A hound (D:3)
  12 orcs
  6 ball pythons
  3 bats
  10 endoplasms
  2 giant cockroaches (D:2)
  A goblin (D:2)
  3 hobgoblins
  2 jackals (D:3)
  A kobold (D:1)
  A quokka (D:4)
  4 frilled lizards
  4 rats
51 creatures vanquished.

Notes
Turn   | Place    | Note
-------+----------+-------------------------------------------
     0 | D:1      | NinjaNoafa the Octopode Transmuter began the quest for the
                  | Orb.
     0 | D:1      | Reached XP level 1. HP: 13/13 MP: 3/3
   120 | D:1      | Found a faded altar of an unknown god.
   126 | D:1      | Reached XP level 2. HP: 18/18 MP: 3/5
   317 | D:1      | Learned a level 2 spell: Wereblood
   335 | D:1      | Reached skill level 3 in Transmutations
   961 | D:2      | Reached XP level 3. HP: 23/23 MP: 4/6
  1075 | D:2      | Found Nuywagac's Armour Shop.
  1693 | D:3      | Reached skill level 4 in Transmutations
  1699 | D:3      | Reached XP level 4. HP: 25/28 MP: 3/7
  1860 | D:3      | HP: 1/28 [orc priest/divine providence (14)]
  2044 | D:3      | You fall into a shaft and drop 2 floors!
  2044 | D:5      | Entered Level 5 of the Dungeon
  2044 | D:5      | Found a large runed translucent door.
  2044 | D:5      | Found a large runed translucent door.
  2080 | D:4      | Reached skill level 5 in Transmutations
  2156 | D:4      | Reached XP level 5. HP: 33/33 MP: 6/8
  2273 | D:4      | Slain by a gnoll

Illustrated notes

Levels and vault maps discovered:
D:1:      onia_arrival_pentagram, layout_basic,
          ebering_ecumenical_altar_sacrificial, nrook_mini_backslash,
          feat_on_display
D:2:      layout_basic, serial_shops, nicolae_shop_hallway_stairs,
          kennysheep_cross_room, minmay_misc_feat_room
D:3:      layout_loops_ring
D:4:      layout_cave_pods, chei_slow_surprise, enter_ossuary_2
D:5:      minmay_inner_zag, layout_basic, gammafunk_temple_of_torment,
          jmf_multi_god_temple2, cheibrodos_sewer_entry_drain

Skill      XL: |  1  2  3  4 |
---------------+-------------+-----
Transmutations | 3 4 5 |  5.0
Fighting       | |  1.0
Dodging        | |  2.0
Stealth        | |  0.3
Unarmed Combat | |  3.0
Spellcasting   | |  2.0
Poison Magic   | |  0.2

Action                     |  1- 3 |  4- 6 || total
---------------------------+-------+-------++-------
  Melee: Unarmed           |    51 |    48 ||    99
         Kick              |    14 |    16 ||    30
         Constrict         |    12 |    12 ||    24
         Tentacles         |     9 |     9 ||    18
   Cast: Beastly Appendage |    21 |     7 ||    28
         Wereblood         |     7 |     7 ||    14
    Use: Potion            |       |     1 ||     1
   Stab: Sleeping          |     7 |     2 ||     9
 Armour: Skin              |     2 |     6 ||     8
  Dodge: Dodged            |    25 |    33 ||    58

Table legend: (Time is in decaauts)
 A = Elapsed time spent in this place.
 B = Non-inter-level travel time spent in this place.
 C = Inter-level travel time spent in this place.
 D = Time resting spent in this place.
 E = Time spent auto-exploring this place.
 F = Levels seen in this place.
 G = Mean time per level.
                   A        B        C        D        E       F      G
               +--------+--------+--------+--------+--------+-----+--------+
         Total |   2266 |   2211 |     55 |     93 |   1445 |   5 |  453.2 |
       Dungeon |   2266 |   2211 |     55 |     93 |   1445 |   5 |  453.2 |
               +--------+--------+--------+--------+--------+-----+--------+

Top non-repeatable levels by time:
     D:2: 878 daAuts
     D:1: 706 daAuts
     D:3: 453 daAuts
     D:4: 214 daAuts
     D:5: 12 daAuts
